[Event "ETCC Women 2013"]
[Site "Warsaw"]
[Date "2013.11.10"]
[Round "3"]
[White "Paehtz, Elisabeth"]
[Black "Yildiz, Betul Cemre"]
[Result "1-0"]
[ECO "C58"]
[WhiteElo "2449"]
[BlackElo "2291"]
[PlyCount "61"]
[EventDate "2013.??.??"]
[EventCountry "POL"]
[WhiteTeam "Germany"]
[BlackTeam "Turkey"]
[WhiteTeamCountry "GER"]
[BlackTeamCountry "TUR"]
[TimeControl "40/5400+30:1800+30"]

1. e4 e5 2. Nf3 Nc6 3. Bc4 Nf6 4. Ng5 d5 5. exd5 Na5 6. Bb5+ c6 7. dxc6 bxc6 8.
Bd3 Nd5 9. h4 Nf4 10. Bf1 f6 11. Ne4 f5 12. Ng5 h6 13. Nh3 Ng6 14. h5 Ne7 15.
b4 Nb7 16. Bb2 Qd6 17. Na3 Be6 18. Nc4 Bxc4 19. Bxc4 Qxb4 20. Bb3 Qd6 21. Qe2
e4 22. g3 Nd5 23. Nf4 O-O-O 24. Ng6 Rg8 25. g4 Be7 26. Bxd5 cxd5 27. Be5 Qc5
28. Rh3 d4 29. Qa6 Bd6 30. Rb1 Rd7 31. Rhb3 1-0

[Event "ETCC Women 2013"]
[Site "Warsaw"]
[Date "2013.11.10"]
[Round "3"]
[White "Papp, Petra"]
[Black "Stojanovic, Andjelija"]
[Result "1/2-1/2"]
[ECO "B63"]
[WhiteElo "2300"]
[BlackElo "2293"]
[PlyCount "83"]
[EventDate "2013.??.??"]
[EventCountry "POL"]
[WhiteTeam "Hungary"]
[BlackTeam "Serbia"]
[WhiteTeamCountry "HUN"]
[BlackTeamCountry "SRB"]
[TimeControl "40/5400+30:1800+30"]

1. e4 c5 2. Nf3 Nc6 3. Nc3 d6 4. d4 cxd4 5. Nxd4 Nf6 6. Bg5 e6 7. Qd2 Qb6 8. Nb3 Be7 9. Bxf6 gxf6 10. O-O-O Bd7 11. f4 O-O-O 12. Be2 h5 13. Rhf1 Rdg8 14. g3 Na5 15. Kb1 Nxb3 16. cxb3 Kb8 17. Bf3 Qb4 18. Qe2 h4 19. g4 Rc8 20. Qe3 Rc7 21. Rd4 Qb6 22. Qd2 Rhc8 23.
Be2 Be8 24. Rd1 Bc6 25. h3 f5 26. exf5 d5 27. fxe6 fxe6 28. Bf3 Bf6 29. Rd3 Be8 30. f5 d4 31. Ne4 Be5 32. a4 exf5 33. gxf5 Bf7 34. b4 Rc2 35.
Qe1 Qc7 36. Nc5 Rxc5 37. bxc5 Bc4 38. R3d2 Qxc5 39. Qe4 Rc7 40.
Rc2 Ba2+ 41. Kxa2 Qxc2 42. Qxe5 1/2-1/2

[Event "ETCC Women 2013"]
[Site "Warsaw"]
[Date "2013.11.10"]
[Round "3"]
[White "Peng, Zhaoqin"]
[Black "Pavlidou, Ekaterini"]
[Result "1-0"]
[ECO "E15"]
[WhiteElo "2378"]
[BlackElo "2199"]
[PlyCount "103"]
[EventDate "2013.??.??"]
[EventCountry "POL"]
[WhiteTeam "Netherlands"]
[BlackTeam "Greece"]
[WhiteTeamCountry "NED"]
[BlackTeamCountry "GRE"]
[TimeControl "40/5400+30:1800+30"]

1. d4 Nf6 2. c4 e6 3. Nf3 b6 4. g3 Ba6 5. b3 Bb4+ 6. Bd2 Be7 7. Bg2 c6 8. O-O d5 9. Qc2 Nbd7 10. Rd1 O-O 11. Bf4 Nh5 12. Bc1 Nhf6 13. Nc3 Rc8 14. e4 dxc4 15. Bf4 Bb4 16. Nd2 b5 17. bxc4 bxc4 18. Na4 c3 19. Nb3 Qe7 20.
a3 Bxa3 21. Nac5 Bxc5 22. dxc5 e5 23. Be3 Nb8 24. Qxc3 Rfd8 25. Rd2 Rxd2 26. Nxd2 Qe6 27. h3 h6 28. Qa5 Qd7 29. Nf3 Re8 30.
Nh4 Qd8 31. Qa4 g6 32. Rd1 Qc7 33. Bxh6 Bb5 34. Qa2 Kh7 35. Bg5 Kg7 36. Rd6 Nh7 37. Bh6+ Kh8 38. Rxg6 Rg8 39. Rd6 Na6 40. Qb2 Re8 41. Nf5 Nxc5 42. Bg7+ Kg8 43. Bxe5 f6 44. Bxf6 Nf8 45. Qd2 Nfe6 46. Bc3 Rd8 47. Rxd8+ Qxd8 48. Qh6 Qg5 49. Qh8+ Kf7 50. f4 Qg6 51. Kh2 Nf8 52. Bf3 1-0

[Event "ETCC Women 2013"]
[Site "Warsaw"]
[Date "2013.11.10"]
[Round "3"]
[White "Pogonina, Natalija"]
[Black "Exler, Veronika"]
[Result "1-0"]
[ECO "D11"]
[WhiteElo "2499"]
[BlackElo "2147"]
[PlyCount "61"]
[EventDate "2013.??.??"]
[EventCountry "POL"]
[WhiteTeam "Russia"]
[BlackTeam "Austria"]
[WhiteTeamCountry "RUS"]
[BlackTeamCountry "AUT"]
[TimeControl "40/5400+30:1800+30"]

1. d4 d5 2. c4 c6 3. Nf3 Nf6 4. Qc2 g6 5. Bf4 Na6 6. Nc3 Nb4 7. Qd2 Bf5 8. Rc1
e6 9. c5 Nh5 10. Be3 Bg7 11. h3 Nf6 12. Ne5 h5 13. Bg5 Qa5 14. a3 Nc2+ 15. Rxc2
Bxc2 16. Qxc2 Ne4 17. Bf4 g5 18. Bh2 f6 19. Nc4 dxc4 20. Qxe4 Kf7 21. e3 f5 22.
Qb1 b5 23. cxb6 axb6 24. Bxc4 Ke7 25. O-O b5 26. Bb3 b4 27. Na4 h4 28. Nc5 Rh6
29. Bd6+ Ke8 30. Nxe6 Ra7 31. axb4 1-0

[Event "ETCC Women 2013"]
[Site "Warsaw"]
[Date "2013.11.10"]
[Round "3"]
[White "Rakic, Marija"]
[Black "Rudolf, Anna"]
[Result "1/2-1/2"]
[ECO "D58"]
[WhiteElo "2291"]
[BlackElo "2281"]
[PlyCount "149"]
[EventDate "2013.??.??"]
[EventCountry "POL"]
[WhiteTeam "Serbia"]
[BlackTeam "Hungary"]
[WhiteTeamCountry "SRB"]
[BlackTeamCountry "HUN"]
[TimeControl "40/5400+30:1800+30"]

1. d4 d5 2. c4 e6 3. Nc3 Be7 4. Nf3 Nf6 5. Bg5 h6 6. Bh4 O-O 7. e3 b6 8.
Bxf6 Bxf6 9. cxd5 exd5 10. Bd3 Be6 11. O-O c5 12. dxc5 bxc5 13.
Rc1 Nd7 14. Bb1 Nb6 15. Qe2 Qe7 16. Rfd1 Rfd8 17. h3 g6 18. Re1 Bg7 19. b3 Rac8 20. Nb5 Qb7 21. Na3 Bf8 22. e4 c4 23. Nb5 dxe4 24. Bxe4 Qd7 25. Nbd4 Bd5 26. Ne5 Qd6 27. Bxd5 Qxd5 28. Ndc6 Re8 29. bxc4 Qxc6 30. Nxc6 Rxe2 31. Rxe2 Rxc6 32. Re4 Bb4 33. h4 a5 34. h5 gxh5 35. g3 Kg7 36. Kg2 Kg6 37. Kh3 Kf5 38. Rf4+ Kg6 39. Rc2 Nd7 40. Re2 Nb6 41. Rc2 Nd7 42. Re4 f6 43. Rd4 Ne5 44. f4 Ng4 45.
Re2 Bc3 46. Rd5 f5 47. Rd3 Bb4 48. a3 Bc5 49. Kg2 Rb6 50. Kf3 a4 51. Kg2 Nf6 52. Rd8 Ne4 53. Ra8 Rb3 54. Kh2 Rxa3 55. Ra6+ Kg7 56. Ra5 Bf2 57. Rxf5 Bxg3+ 58. Kg2 Nf6 59. Re6 Bh4 60. Ra6 Ng4 61. Rxh5 Bf6 62. Rha5 Ne3+ 63. Kf2 Nxc4 64. Rxa4 Bh4+ 65. Kf1 Rf3+ 66. Kg2 Rxf4 67. Kh3 Bg5 68. Rc6 Ne5 69. Rxf4 Bxf4 70. Ra6 Bg5 71. Ra5 Nc6 72. Ra6 Ne5 73. Ra5 Kf6 74. Rxe5 Kxe5 75. Kg2 1/2-1/2

[Event "ETCC Women 2013"]
[Site "Warsaw"]
[Date "2013.11.10"]
[Round "3"]
[White "Revo, Tatiana"]
[Black "Unuk, Laura"]
[Result "1/2-1/2"]
[ECO "C07"]
[WhiteElo "2075"]
[BlackElo "1991"]
[PlyCount "131"]
[EventDate "2013.??.??"]
[EventCountry "POL"]
[WhiteTeam "Belarus"]
[BlackTeam "Slovenia"]
[WhiteTeamCountry "BLR"]
[BlackTeamCountry "SLO"]
[TimeControl "40/5400+30:1800+30"]

1. e4 e6 2. d4 d5 3. Nd2 c5 4. exd5 Qxd5 5. Ngf3 cxd4 6. Bc4 Qd7 7. O-O Nc6 8. Nb3 Nf6 9. Nbxd4 Nxd4 10. Nxd4 a6 11. c3 b5 12. Bb3 Bb7 13. a4 Bc5 14. Bg5 O-O 15. Bxf6 gxf6 16. Qh5 Bxd4 17. Bc2 f5 18. cxd4 Qxd4 19. Ra3 Kh8 20. Rd1 Qg4 21. Qxg4 fxg4 22. h3 Rac8 23. Rd2 Rg8 24. axb5 gxh3 25. Rxh3 Rxg2+ 26. Kf1 Rg7 27. Rc3 axb5 28. Rd7 Rxc3 29. bxc3 f5 30. Rd8+ Rg8 31. Rd7 Bf3 32. Ke1 h5 33. Rd6 Rg6 34. Kd2 h4 35. Bxf5 Rh6 36. Rxe6 Rxe6 37. Bxe6 Bg2 38. c4 bxc4 39. Kc3 Bf1 40. Bg4 Kg7 41. Kd4 Kf6 42. f4 Bd3 43. Bh3 Ke7 44. Kc3 Kd6 45. Kd4 Be2 46. Bg2 Bd3 47. Bh3 Ke7 48. Kc3 Kf6 49. Kd4 Bf5 50. Bg2 Be6 51. Bf1 Ke7 52. Kc3 Kd7 53.
Bg2 Kc7 54. Kb4 Kd6 55. Bf1 Bf7 56. Bg2 Ke7 57. Kc3 Kf6 58. Bh3 Be6 59. Bg2 Bg4 60. Kd4 Kf5 61. Ke3 c3 62. Bf1 c2 63. Bd3+ Kf6 64. Bxc2 Bf5 65. Bxf5 Kxf5 66. Kf3 1/2-1/2

[Event "ETCC Women 2013"]
[Site "Warsaw"]
[Date "2013.11.10"]
[Round "3"]
[White "Saric, Kristina"]
[Black "Rautanen, Sari"]
[Result "1-0"]
[ECO "C41"]
[WhiteElo "2250"]
[BlackElo "1956"]
[PlyCount "88"]
[EventDate "2013.??.??"]
[EventCountry "POL"]
[WhiteTeam "Croatia"]
[BlackTeam "Finland"]
[WhiteTeamCountry "CRO"]
[BlackTeamCountry "FIN"]
[TimeControl "40/5400+30:1800+30"]

1. e4 d6 2. d4 Nf6 3. Nc3 e5 4. Nf3 Nbd7 5. Bc4 Be7 6. O-O O-O 7. a4 c6 8. Re1 a5 9. h3 Nb6 10. Bb3 Nfd7 11. Be3 exd4 12. Nxd4 Nc5 13.
Qf3 Nxb3 14. cxb3 Be6 15. Rad1 Bf6 16. Nxe6 fxe6 17. Qg4 Re8 18. Bc5 d5 19. e5 Be7 20. Qxe6+ Kh8 21. Bxe7 Rxe7 22. Qg4 Nd7 23. Qd4 Qc7 24. f4 Rae8 25. Rc1 Qb6 26. Qxb6 Nxb6 27. g3 Nd7 28. Ne2 Kg8 29. Nd4 g6 30. Red1 Kg7 31. Kg2 Rf8 32. Rf1 Rfe8 33. g4 Kg8 34. e6 Nf6 35. f5 g5 36. Nf3 Ne4 37. Ne5 Kg7 38.
h4 h6 39. hxg5 hxg5 40. Rf3 Nf6 41. Rh1 Rg8 42. Rfh3 Ree8 43. Rh6 Ne4 44. Nd7 Nd2 1-0

[Event "ETCC Women 2013"]
[Site "Warsaw"]
[Date "2013.11.10"]
[Round "3"]
[White "Savola, Laura"]
[Black "Jelica, Mara"]
[Result "1/2-1/2"]
[ECO "E61"]
[WhiteElo "2076"]
[BlackElo "2252"]
[PlyCount "108"]
[EventDate "2013.??.??"]
[EventCountry "POL"]
[WhiteTeam "Finland"]
[BlackTeam "Croatia"]
[WhiteTeamCountry "FIN"]
[BlackTeamCountry "CRO"]
[TimeControl "40/5400+30:1800+30"]

1. d4 Nf6 2. c4 g6 3. Nc3 Bg7 4. g3 O-O 5. Bg2 d6 6. Nf3 c6 7. O-O Nbd7 8. h3 e5 9. e4 Re8 10. Re1 a5 11. Rb1 Qe7 12. b3 Bf8 13. Ba3 Qd8 14. Qc2 Qc7 15.
Nd1 b6 16. Nb2 Ba6 17. Nd3 Bg7 18. Bb2 exd4 19. Nxd4 c5 20. Nb5 Bxb5 21. cxb5 Rac8 22. Rbd1 Ne5 23. Nf4 Rcd8 24. Nd5 Nxd5 25. Rxd5 f6 26. Red1 Nf7 27. Qc4 Kh8 28. Qd3 Qe7 29. Kh2 Kg8 30. Bc3 Bf8 31. Qf3 Bg7 32. Qd3 Bf8 33. Qf3 Bg7 34. Qd3 Ra8 35. a4 Rac8 36. Qc4 Kf8 37.
Bb2 Rcd8 38. Qd3 Kg8 39. Qc4 Kh8 40. Qd3 Qe6 41. h4 h5 42. Qd2 Bf8 43. Bh3 Qe7 44. Bg2 Ne5 45. Bxe5 fxe5 46. Qe3 Kh7 47. Bh3 Qf6 48. Qe2 Be7 49. Qe3 Rf8 50. R1d2 Rf7 51. Bg2 Bf8 52. Qe2 Qe7 53. Kg1 Rf6 54. Qd1 Qf7 1/2-1/2

[Event "ETCC Women 2013"]
[Site "Warsaw"]
[Date "2013.11.10"]
[Round "3"]
[White "Schnegg, Anna-Lena"]
[Black "Girya, Olga"]
[Result "0-1"]
[ECO "B44"]
[WhiteElo "2076"]
[BlackElo "2447"]
[PlyCount "72"]
[EventDate "2013.??.??"]
[EventCountry "POL"]
[WhiteTeam "Austria"]
[BlackTeam "Russia"]
[WhiteTeamCountry "AUT"]
[BlackTeamCountry "RUS"]
[TimeControl "40/5400+30:1800+30"]

1. e4 c5 2. Nf3 e6 3. d4 cxd4 4. Nxd4 Nc6 5. c4 Nf6 6. Nc3 d6 7. Be3 Be7 8.
Be2 O-O 9. O-O Bd7 10. Qd2 Nxd4 11. Bxd4 Bc6 12. Qc2 a6 13. Rad1 Qc7 14. Qb1 b6 15. f3 Rfd8 16. Kh1 Nd7 17. Be3 Bf6 18. Rc1 Qb8 19. Rfd1 Ne5 20. f4 Ng6 21. g3 Qb7 22. Bf3 b5 23. cxb5 axb5 24. Ne2 Ra4 25.
Nd4 Bxd4 26. Rxd4 f5 27. Rxa4 bxa4 28. Bg2 Bxe4 29. Bxe4 fxe4 30.
Rc4 a3 31. b3 d5 32. Ra4 Ne7 33. Qd1 Nf5 34. Bd4 Qb5 35. Kg1 Rc8 36. Rxa3 Nxd4 0-1

[Event "ETCC Women 2013"]
[Site "Warsaw"]
[Date "2013.11.10"]
[Round "3"]
[White "Seps, Monika"]
[Black "Ptacnikova, Lenka"]
[Result "1/2-1/2"]
[ECO "D02"]
[WhiteElo "2260"]
[BlackElo "2238"]
[PlyCount "81"]
[EventDate "2013.??.??"]
[EventCountry "POL"]
[WhiteTeam "Switzerland"]
[BlackTeam "Iceland"]
[WhiteTeamCountry "SUI"]
[BlackTeamCountry "ISL"]
[TimeControl "40/5400+30:1800+30"]

1. d4 d5 2. Nf3 c5 3. c4 cxd4 4. cxd5 Qxd5 5. Nc3 Qa5 6. Nxd4 Nf6 7. e3 a6 8. Be2 e5 9. Nb3 Qc7 10. O-O Bb4 11. Bd2 Nc6 12. Bf3 O-O 13. Qc2 Ne7 14. Rac1 Bf5 15. e4 Be6 16. Nd5 Qxc2 17. Nxe7+ Bxe7 18. Rxc2 Rac8 19. Rfc1 Rxc2 20. Rxc2 Rc8 21. Rxc8+ Bxc8 22. Na5 Ne8 23.
Be2 Bc5 24. Bc3 f6 25. Bc4+ Kf8 26. Bd5 Nd6 27. Kf1 Ke7 28. Ke2 Kd7 29. a4 Kc7 30. Nc4 Nxc4 31. Bxc4 Bd7 32. a5 Bc6 33. f3 Kd6 34. Kd3 h6 35. b4 Bg1 36. h3 Bb5 37. g4 g5 38. Bxb5 axb5 39. Be1 Ke6 40.
h4 Ba7 41. h5 1/2-1/2

[Event "ETCC Women 2013"]
[Site "Warsaw"]
[Date "2013.11.10"]
[Round "3"]
[White "Shvayger, Yuliya"]
[Black "Khurtsidze, Nino"]
[Result "1-0"]
[ECO "B43"]
[WhiteElo "2294"]
[BlackElo "2462"]
[PlyCount "97"]
[EventDate "2013.??.??"]
[EventCountry "POL"]
[WhiteTeam "Israel"]
[BlackTeam "Georgia"]
[WhiteTeamCountry "ISR"]
[BlackTeamCountry "GEO"]
[TimeControl "40/5400+30:1800+30"]

1. e4 c5 2. Nf3 e6 3. Nc3 a6 4. d4 cxd4 5. Nxd4 b5 6. Bd3 Qb6 7. Nb3 Qc7 8.
O-O Bb7 9. Qe2 b4 10. Nb1 Nc6 11. a4 Nf6 12. a5 d5 13. N1d2 Bd6 14. h3 O-O 15. exd5 exd5 16. Nf3 Rfe8 17. Be3 Ne5 18. Bd4 Nc4 19. Qd1 Ne4 20. Re1 Re6 21. Re2 Rae8 22. c3 bxc3 23. Bxc3 Bc8 24. Qc2 Na3 25. bxa3 Qxc3 26. Nfd4 Qxc2 27. Rxc2 Re5 28. Rc6 Bb8 29. Rac1 Nd6 30. Nf3 R5e7 31. Bxa6 Bxa6 32. Rxa6 Nc4 33. Rc6 Bf4 34. Rd1 Re6 35. Rc5 Nb2 36. Rf1 Rd8 37. g3 Bb8 38. Nbd4 Ra6 39. Rb1 Ba7 40. Rc6 Rxa5 41. Rxb2 Rxa3 42. Rb7 h5 43. Rcc7 Bxd4 44. Nxd4 Rd3 45. Nc6 Rd6 46. Ne5 Rd1+ 47. Kg2 Rf6 48. Rc8+ Kh7 49. Rbb8 1-0

[Event "ETCC Women 2013"]
[Site "Warsaw"]
[Date "2013.11.10"]
[Round "3"]
[White "Sikorova, Olga"]
[Black "Bhatia, Kanwal K"]
[Result "1-0"]
[ECO "C28"]
[WhiteElo "2278"]
[BlackElo "2039"]
[PlyCount "135"]
[EventDate "2013.??.??"]
[EventCountry "POL"]
[WhiteTeam "Czech Republic"]
[BlackTeam "England"]
[WhiteTeamCountry "CZE"]
[BlackTeamCountry "ENG"]
[TimeControl "40/5400+30:1800+30"]

1. e4 e5 2. Bc4 Nc6 3. Nc3 Nf6 4. d3 Na5 5. Nge2 Nxc4 6. dxc4 c6 7. O-O Be7 8. Qd3 d6 9. Bg5 O-O 10. Rad1 Ne8 11. Bxe7 Qxe7 12. Ng3 g6 13. f4 exf4 14. Rxf4 Be6 15. b3 Rd8 16. Qd4 Qg5 17. Nce2 b6 18.
Kh1 Ng7 19. Qd2 h6 20. Nd4 Bg4 21. Rdf1 c5 22. Nb5 Ne6 23. R4f2 a6 24. Nc3 Qxd2 25. Rxd2 Nd4 26. Nd5 Be6 27. Nxb6 Kg7 28. c3 Nc6 29. Rfd1 Bg4 30. Rf1 h5 31. Kg1 h4 32. Nh1 Rfe8 33. Nf2 Bh5 34. Nd5 g5 35.
h3 a5 36. a3 Ne5 37. Nc7 Re7 38. Nb5 Re6 39. a4 f6 40. Re1 Rd7 41.
Kf1 Kf7 42. Rb2 Ke8 43. Na3 Rb7 44. Reb1 Nc6 45. Nc2 Bg6 46. b4 Bxe4 47. b5 Nd8 48. Re1 Bg6 49. Rxe6+ Nxe6 50. Na1 Bf7 51. Nb3 Nd8 52. Ne4 Bxc4+ 53. Kf2 Rb6 54. Nxa5 Bf7 55. Nxf6+ Ke7 56. Ne4 Bd5 57. Nxg5 Rb8 58. c4 Bg8 59. Re2+ Kd7 60. Ne4 Ra8 61. Nf6+ Kc8 62. Nc6 Bf7 63. Re7 Bg6 64. Nd5 Nxc6 65. bxc6 Ra6 66. Rc7+ Kd8 67. Rd7+ Kc8 68. Ne7+ 1-0

[Event "ETCC Women 2013"]
[Site "Warsaw"]
[Date "2013.11.10"]
[Round "3"]
[White "Socko, Monika"]
[Black "Bulmaga, Irina"]
[Result "1-0"]
[ECO "E32"]
[WhiteElo "2431"]
[BlackElo "2399"]
[PlyCount "107"]
[EventDate "2013.??.??"]
[EventCountry "POL"]
[WhiteTeam "Poland"]
[BlackTeam "Romania"]
[WhiteTeamCountry "POL"]
[BlackTeamCountry "ROU"]
[TimeControl "40/5400+30:1800+30"]

1. d4 Nf6 2. c4 e6 3. Nc3 Bb4 4. Qc2 O-O 5. a3 Bxc3+ 6. Qxc3 b6 7. Bg5 Bb7 8. e3 d6 9. Ne2 Nbd7 10. Qd3 Ba6 11. Nc3 d5 12. Qc2 dxc4 13.
Qa4 Bb7 14. Qxc4 c5 15. f3 cxd4 16. Qxd4 Nc5 17. Rd1 Qxd4 18.
exd4 Ncd7 19. Bd3 h6 20. Bf4 Nd5 21. Nxd5 Bxd5 22. Kd2 Nb8 23.
Rc1 Nc6 24. Ke3 g5 25. Bg3 f5 26. Be5 f4+ 27. Ke2 Nxe5 28. dxe5 Rac8 29. h4 g4 30. h5 Rxc1 31. Rxc1 Rd8 32. Rc7 gxf3+ 33. gxf3 Bxf3+ 34. Kxf3 Rxd3+ 35. Kxf4 Rb3 36. Re7 Rxb2 37. Rxe6 Rf2+ 38.
Ke4 Ra2 39. Rxh6 Rxa3 40. Rc6 Kf7 41. h6 Ra1 42. e6+ Kf6 43.
h7 Re1+ 44. Kf3 Rh1 45. e7+ Kxe7 46. Rc8 Rh3+ 47. Ke4 Rh4+ 48.
Kd5 Rh5+ 49. Kc6 Rh6+ 50. Kb7 Rxh7 51. Rc7+ Kd6 52. Rxh7 Kc5 53. Rh5+ Kc4 54. Ka6 {[%emt 0:00:15] Kd5} 1-0

[Event "ETCC Women 2013"]
[Site "Warsaw"]
[Date "2013.11.10"]
[Round "3"]
[White "Stefanova, Antoaneta"]
[Black "Kulon, Klaudia"]
[Result "1/2-1/2"]
[ECO "A49"]
[WhiteElo "2494"]
[BlackElo "2276"]
[PlyCount "104"]
[EventDate "2013.??.??"]
[EventCountry "POL"]
[WhiteTeam "Bulgaria"]
[BlackTeam "Poland"]
[WhiteTeamCountry "BUL"]
[BlackTeamCountry "POL"]
[TimeControl "40/5400+30:1800+30"]

1. d4 Nf6 2. Nf3 g6 3. g3 Bg7 4. Bg2 O-O 5. O-O d6 6. a4 a5 7. Nc3 Nc6 8.
d5 Nb4 9. e4 e6 10. Bf4 exd5 11. exd5 Bf5 12. Nd4 Bg4 13. Qd2 Qc8 14. Ndb5 Bf5 15. Rac1 Re8 16. Rfe1 Qd7 17. Nd4 Bh3 18. Bh1 Rxe1+ 19. Rxe1 Re8 20. Rc1 Ng4 21. Ncb5 Ne5 22. b3 c6 23. Nc3 Ned3 24. cxd3 Bxd4 25. dxc6 bxc6 26. Ne2 Bg7 27. Be3 Qb7 28. Nf4 Bf5 29. h4 Rc8 30. Bf3 h5 31. Be4 Bd7 32. d4 d5 33. Bb1 Bf8 34. Kh2 Bg4 35.
Kg2 Qd7 36. Nd3 Nxd3 37. Bxd3 Ba3 38. Rc2 Bb4 39. Qc1 c5 40. f3 Bh3+ 41. Kh2 Bf5 42. Bxf5 Qxf5 43. dxc5 Qxf3 44. c6 d4 45. Bxd4 Bd6 46. Qg5 Qe4 47. Rd2 Rxc6 48. Qd8+ Bf8 49. Bf2 Rc1 50. Rd1 Rc2 51. Rd2 Rc1 52. Rd1 Rc2 1/2-1/2

[Event "ETCC Women 2013"]
[Site "Warsaw"]
[Date "2013.11.10"]
[Round "3"]
[White "Stoeri, Laura"]
[Black "Johannsdottir, Johanna Bjorg"]
[Result "1-0"]
[ECO "B39"]
[WhiteElo "2102"]
[BlackElo "1901"]
[PlyCount "101"]
[EventDate "2013.??.??"]
[EventCountry "POL"]
[WhiteTeam "Switzerland"]
[BlackTeam "Iceland"]
[WhiteTeamCountry "SUI"]
[BlackTeamCountry "ISL"]
[TimeControl "40/5400+30:1800+30"]

1. e4 c5 2. Nf3 g6 3. d4 cxd4 4. Nxd4 Nc6 5. c4 Nf6 6. Nc3 Bg7 7. Be3 Ng4 8.
Qxg4 Nxd4 9. Qd1 Ne6 10. Rc1 b6 11. Bd3 Bb7 12. Bb1 Rc8 13. b3 O-O 14. O-O d6 15. f4 f5 16. exf5 gxf5 17. g4 Rf7 18. Bxf5 Nc5 19. Qc2 Bxc3 20. Qxc3 e6 21. Bxc5 exf5 22. Ba3 Rg7 23. g5 Qe8 24. Bb2 Rcc7 25.
Rce1 Qc6 26. Qg3 Rg6 27. Re2 Qc5+ 28. Qf2 Qxf2+ 29. Kxf2 d5 30.
Re8+ Kf7 31. Rh8 Rd7 32. Rxh7+ Ke8 33. Re1+ Kd8 34. Bf6+ Kc7 35.
Rxd7+ Kxd7 36. Re7+ Kc8 37. cxd5 Bxd5 38. Rxa7 Rg8 39. Rh7 Kb8 40. h4 Rc8 41. Be5+ Ka8 42. Rh8 Rxh8 43. Bxh8 Bf7 44. Ke3 Kb7 45. Kd4 Kc6 46. Ke5 Kd7 47. Kf6 Ke8 48. g6 Bxg6 49. Kxg6 Kf8 50. Bg7+ Kg8 51. h5 1-0

[Event "ETCC Women 2013"]
[Site "Warsaw"]
[Date "2013.11.10"]
[Round "3"]
[White "Thorsteinsdottir, Hallgerdur"]
[Black "Heinatz, Dr. Gundula"]
[Result "1/2-1/2"]
[ECO "C04"]
[WhiteElo "1951"]
[BlackElo "2169"]
[PlyCount "116"]
[EventDate "2013.??.??"]
[EventCountry "POL"]
[WhiteTeam "Iceland"]
[BlackTeam "Switzerland"]
[WhiteTeamCountry "ISL"]
[BlackTeamCountry "SUI"]
[TimeControl "40/5400+30:1800+30"]

1. e4 e6 2. d4 d5 3. Nd2 Nc6 4. Ngf3 Nf6 5. e5 Nd7 6. c3 f6 7. exf6 Nxf6 8.
Bd3 Bd6 9. O-O O-O 10. Re1 Nh5 11. Ne5 Nf4 12. Ndf3 Nxe5 13. Nxe5 Nxd3 14. Qxd3 c5 15. Qg3 Rf5 16. f4 cxd4 17. cxd4 Bd7 18. Bd2 Bxe5 19. fxe5 Qb6 20. Bc3 Bb5 21. h3 Raf8 22. Rad1 Bc4 23. a3 a5 24. Qh4 Qc7 25.
Re3 Rf4 26. Qg3 b6 27. Rd2 Qf7 28. Rf3 Rxf3 29. Qxf3 Qxf3 30. gxf3 Rxf3 31. Kg2 Rf5 32. Rf2 Rg5+ 33. Kh2 h6 34. Bd2 Rh5 35. Kg3 Bd3 36. Rf3 Bf5 37. h4 g5 38. hxg5 hxg5 39. Rc3 Rh3+ 40. Kg2 g4 41. Rxh3 gxh3+ 42. Kf2 Kf7 43. Bf4 Ke8 44. Ke3 Kd7 45. Kd2 Kc6 46. Kc3 Kb5 47.
b3 Bg4 48. Bh2 Bd1 49. Bg3 Kc6 50. Bh2 Kd7 51. b4 Bf3 52. bxa5 bxa5 53. Kd2 Bg2 54. Bg3 Ke7 55. Ke3 Kf7 56. Bh2 Kg6 57. Bf4 Kf5 58. Bh2 Kg4 {[%emt 0:00:25] Ke4
} 1/2-1/2

[Event "ETCC Women 2013"]
[Site "Warsaw"]
[Date "2013.11.10"]
[Round "3"]
[White "Toma, Katarzyna"]
[Black "Kursova, Maria"]
[Result "0-1"]
[ECO "B47"]
[WhiteElo "2282"]
[BlackElo "2339"]
[PlyCount "60"]
[EventDate "2013.??.??"]
[EventCountry "POL"]
[WhiteTeam "Poland"]
[BlackTeam "Armenia"]
[WhiteTeamCountry "POL"]
[BlackTeamCountry "ARM"]
[TimeControl "40/5400+30:1800+30"]

1. e4 c5 2. Nf3 e6 3. d4 cxd4 4. Nxd4 Nc6 5. Nc3 Qc7 6. Nxc6 bxc6 7. Bd3 Nf6 8. O-O Be7 9. Qe2 d5 10. b3 O-O 11. Bb2 Bb7 12. f4 Rfe8 13.
Kh1 Rad8 14. Rf3 g6 15. Raf1 c5 16. Rh3 Bc6 17. e5 Nd7 18. f5 exf5 19. e6 Nf6 20. exf7+ Kxf7 21. Nb5 Qd7 22. Qe5 Bxb5 23. Rxh7+ Kg8 24. Bxf5 Qd6 25. Qe1 Bxf1 26. Rh6 Bf8 27. Rxg6+ Bg7 28. Qxf1 d4 29. Bc1 Qe5 30. Bh6 Qxf5 0-1

[Event "ETCC Women 2013"]
[Site "Warsaw"]
[Date "2013.11.10"]
[Round "3"]
[White "Van Weersel, Arlette"]
[Black "Tsolakidou, Stavroula"]
[Result "0-1"]
[ECO "B51"]
[WhiteElo "2180"]
[BlackElo "2117"]
[PlyCount "112"]
[EventDate "2013.??.??"]
[EventCountry "POL"]
[WhiteTeam "Netherlands"]
[BlackTeam "Greece"]
[WhiteTeamCountry "NED"]
[BlackTeamCountry "GRE"]
[TimeControl "40/5400+30:1800+30"]

1. e4 c5 2. Nf3 d6 3. Bb5+ Nd7 4. O-O Ngf6 5. Re1 a6 6. Bf1 b6 7. c3 Bb7 8. d3 e6 9. Nbd2 Be7 10. d4 cxd4 11. cxd4 b5 12. b3 O-O 13. Bb2 Qb6 14. Bd3 Rfd8 15. Nf1 Nf8 16. Ng3 Ng6 17. Qd2 Nd7 18. Rac1 a5 19. a3 e5 20.
Bb1 b4 21. axb4 axb4 22. Nf5 Bf8 23. h4 d5 24. exd5 Bxd5 25. Qe3 e4 26. Ng5 Nf6 27. h5 Nxh5 28. Nxe4 Nhf4 29. f3 Qe6 30. Nc5 Qf6 31. g3 Nh3+ 32. Kh2 Ng5 33. Ne4 Bxe4 34. fxe4 Ne7 35. Nh4 h6 36. Rf1 Qe6 37. Rf2 Nd5 38. Qd3 Nf6 39. d5 Ng4+ 40. Kg1 Nh3+ 41. Kg2 Nhxf2 42. Qd4 Qa6 43. Re1 Rac8 44. Nf5 f6 45. Qd2 Bc5 46. Nd4 Ba7 47.
Re2 Qb6 48. Re1 Rc3 49. Nf5 g6 50. Nxh6+ Kg7 51. Nxg4 Nxg4 52.
Bxc3 bxc3 53. Qf4 Qf2+ 54. Qxf2 Bxf2 55. Rc1 Bd4 56. Bd3 Rb8 0-1

[Event "ETCC Women 2013"]
[Site "Warsaw"]
[Date "2013.11.10"]
[Round "3"]
[White "Vega Gutierrez, Sabrina"]
[Black "Mamedjarova, Zeinab"]
[Result "1-0"]
[ECO "B01"]
[WhiteElo "2385"]
[BlackElo "2236"]
[PlyCount "83"]
[EventDate "2013.??.??"]
[EventCountry "POL"]
[WhiteTeam "Spain"]
[BlackTeam "Azerbaijan"]
[WhiteTeamCountry "ESP"]
[BlackTeamCountry "AZE"]
[TimeControl "40/5400+30:1800+30"]

1. e4 d5 2. exd5 Nf6 3. Nf3 Nxd5 4. d4 g6 5. c4 Nb6 6. Nc3 Bg7 7. a4 a5 8. c5 Nd5 9. Bc4 Nb4 10. Qb3 O-O 11. O-O Bf5 12. Bg5 h6 13. Be3 c6 14. Rac1 e6 15.
Ne5 Nd7 16. Rfd1 Qe7 17. Nxd7 Qxd7 18. Bf4 Rfe8 19. Ne2 g5 20. Be5 Rad8 21. Bxg7 Kxg7 22. Ng3 Bg6 23. f3 Qe7 24. Ne4 Bxe4 25. fxe4 Qf6 26. Qe3 Re7 27. Rd2 Red7 28. Rf1 Qg6 29. Rff2 Kg8 30. h3 Qg7 31. e5 Qg6 32. Rf6 Qb1+ 33. Kh2 Kg7 34. Qf3 Re8 35. Rf2 Ree7 36. Qh5 Qh7 37. h4 Kg8 38. Rxh6 Qg7 39. hxg5 Rxd4 40. g6 Rxc4 41. gxf7+ Rxf7 42. Rxf7 1-0

[Event "ETCC Women 2013"]
[Site "Warsaw"]
[Date "2013.11.10"]
[Round "3"]
[White "Videnova, Iva"]
[Black "Wisniowska, Klaudia"]
[Result "1/2-1/2"]
[ECO "B09"]
[WhiteElo "2272"]
[BlackElo "2153"]
[PlyCount "143"]
[EventDate "2013.??.??"]
[EventCountry "POL"]
[WhiteTeam "Bulgaria"]
[BlackTeam "Poland"]
[WhiteTeamCountry "BUL"]
[BlackTeamCountry "POL"]
[TimeControl "40/5400+30:1800+30"]

1. e4 d6 2. d4 Nf6 3. Nc3 g6 4. f4 Bg7 5. Nf3 O-O 6. Bd3 Nc6 7. e5 dxe5 8.
dxe5 Nd5 9. Bd2 Nb6 10. Qe2 Nb4 11. Be4 c6 12. O-O-O Be6 13. a3 N4d5 14. h4 Bg4 15. h5 Qc8 16. Rh4 gxh5 17. Rdh1 f5 18. Bd3 c5 19. Nxd5 Nxd5 20. c4 Nc7 21. Qf2 Qd7 22. Bc2 Ne6 23. Nh2 h6 24. Nxg4 hxg4 25.
Bc3 Nd4 26. Rxh6 g3 27. Qe3 Bxh6 28. Rxh6 Kg7 29. e6 Qd6 30. Rh3 Rg8 31. Bxf5 Kf8 32. Bh7 Rd8 33. Bxd4 Qxd4 34. Qxd4 Rxd4 35. Bxg8 Rxc4+ 36. Kd2 Rd4+ 37. Kc3 Kxg8 38. Rxg3+ Kf8 39. f5 Rf4 40. Rg5 b5 41. Kd3 Rf2 42. Kc3 Rf4 43. b3 a6 44. Kd3 Rd4+ 45. Ke2 Re4+ 46. Kf3 Rd4 47. Ke3 Rd1 48. Ke4 Rd4+ 49. Ke5 Rd2 50. Rg3 Ra2 51. Rc3 Rxg2 52.
Rxc5 Re2+ 53. Kd4 Rd2+ 54. Kc3 Rd6 55. Kb4 Kg7 56. a4 bxa4 57.
bxa4 Kf6 58. Ka5 Kg5 59. Rc7 Kf6 60. Ra7 Rd5+ 61. Kxa6 Rxf5 62. a5 Kxe6 63. Rb7 Rf1 64. Rb6+ Kd5 65. Kb7 e5 66. a6 e4 67. a7 Rf7+ 68. Ka6 Rxa7+ 69. Kxa7 e3 70. Rb8 Kd4 71. Rd8+ Kc3 72. Re8 1/2-1/2